Map: Pillars of Gold LE

Players

Raziel

  • Race: Zerg Zerg
  • League: Platinum
  • Spawn Location: 1:00

Slaight - Winner!

  • Race: Protoss Protoss
  • League: Platinum
  • Spawn Location: 7:00

VOD

Have the link to the VOD?

Description

Time

  • Played on: Aug. 22, 2020, 3:21 p.m.
  • Length: 7:00
Show
View Real Time Build Order
Export as new Build Order

Raziel Zerg 

Build Orders: Pool First 

Get SALT Encoding   

  12  0:01  Drone  
  13  0:12  Overlord  
  13  0:19  Drone  
  14  0:30  Drone x2  
  16  0:45  Spawning Pool  
  16  0:49  Drone  
  16  0:52  Drone  
  16  0:56  Extractor  
  16  1:00  Drone  
  17  1:11  Drone  
  18  1:37  Drone x2, Hatchery  
  19  1:42  Zergling x2  
  20  1:52  Overlord  
  20  2:01  Extractor  
  19  2:11  Queen  
  19  2:13  Drone x2  
  23  2:27  Drone  
  24  2:32  Drone  
  25  2:48  Overlord  
  24  3:04  Lair  
  24  3:14  Drone, Hatchery  
  24  3:15  Drone x3  
  24  3:17  Drone  
  28  3:38  Roach Warren  
  28  3:40  Drone x4  
  31  3:42  Drone  
  31  3:45  Drone  
  31  3:48  Drone  
  34  3:58  Queen  
  34  4:01  Overlord  
  36  4:09  Overlord  
  36  4:11  Drone x2  
  36  4:14  Extractor  
  37  4:18  Extractor  
  37  4:24  Drone x3  
  39  4:27  Infestation Pit  
  38  4:31  Queen  
  38  4:35  Overlord  
  38  4:38  Overlord  
  40  4:52  Drone x6  
  46  4:54  Drone  
  46  4:56  Drone  
  46  4:58  Drone  
  49  5:13  Hive  
  49  5:22  Drone  
  49  5:23  Drone x2  
  49  5:27  Drone x5  
  49  5:28  Drone  
  58  5:29  Drone  
  58  5:30  Drone  
  58  5:35  Extractor  
  59  5:37  Extractor  
  59  5:41  Overseer  
  58  5:47  Overlord  
  58  5:48  Overlord  
  58  5:51  Roach x2  
  58  5:52  Roach  
  58  5:54  Roach  
  58  5:56  Roach  
  68  5:59  Roach  
  68  6:01  Roach  
  68  6:03  Roach  
  74  6:05  Roach  
  76  6:24  Zergling x2  
  76  6:25  Zergling x16  
  74  6:26  Zergling x4  
  63  6:37  Roach x2  
  63  6:38  Roach  
Show
View Real Time Build Order
Export as new Build Order

Slaight Protoss - Winner!

Build Orders: 1 Gate Expand 

Get SALT Encoding   

  12  0:01  Probe  
  13  0:13  Probe  
  14  0:19  Pylon  
  14  0:26  Assimilator  
  14  0:29  Probe (Chrono Boost)  
  15  0:42  Probe (Chrono Boost)  
  16  0:50  Gateway  
  16  0:52  Probe  
  17  1:04  Probe  
  18  1:31  Nexus  
  18  1:40  Cybernetics Core  
  18  1:42  Probe  
  19  1:48  Zealot (Chrono Boost)  
  21  1:55  Probe  
  22  2:01  Assimilator  
  22  2:03  Pylon  
  22  2:13  Probe  
  23  2:20  Adept (Chrono Boost)  
  22  2:25  Probe  
  25  2:38  Probe  
  25  2:42  Robotics Facility  
  25  2:44  Probe  
  27  2:50  Probe  
  28  2:59  Probe  
  29  3:07  Twilight Council  
  29  3:12  Warp Gate  
  29  3:14  Probe (Chrono Boost)  
  29  3:17  Probe (Chrono Boost)  
  31  3:26  Probe (Chrono Boost)  
  31  3:27  Gateway  
  33  3:30  Warp Prism (Chrono Boost)  
  33  3:31  Probe (Chrono Boost)  
  33  3:32  Probe (Chrono Boost)  
  36  3:39  Probe  
  36  3:41  Charge (Chrono Boost)  
  37  3:54  Probe x2  
  39  3:57  Immortal (Chrono Boost)  
  43  4:06  Gateway  
  43  4:26  Gateway  
  43  4:33  Pylon  
  43  4:37  Gateway  
  43  4:45  Pylon  
  43  4:47  Gateway  
  43  4:49  Immortal (Chrono Boost)  
  47  4:58  Gateway  
  47  5:05  Zealot  
  47  5:06  Zealot x2  
  53  5:40  Zealot x5  
  62  5:48  Pylon  
  62  5:49  Pylon  
  62  5:52  Pylon  
  62  6:09  Zealot x7  
  76  6:30  Zealot x5  
Tags
 
Add a new tag
Caveats
  • Supply blocks, unpowered buildings, or Contaminate may cause inaccurate times.
  • Supply counts are checked every 10 seconds.